 Dungeon Crawl Stone Soup version 0.31-a0-229-g1fc7ce93e2 (webtiles) character file.

Game seed: 14724452173736874589

1346 qw the Skirmisher (level 8, -4/50 HPs)
             Began as a Gargoyle Hexslinger on July 6, 2023.
             Killed from afar by Sigmund (7 damage)
             ... with a puff of flame
             ... on level 6 of the Dungeon.
             The game lasted 00:01:35 (3677 turns).

qw the Skirmisher (Gargoyle Hexslinger)             Turns: 3677, Time: 00:01:36

Health: -4/50      AC: 15    Str: 12    XL:     8   Next: 62%
Magic:  0/10       EV: 17    Int: 12    God:
Gold:   219        SH:  0    Dex: 18    Spells: 8/9 levels left

rFire   . . .        Y - +6 sling
rCold   + . .        (no shield)
rNeg    + . .        c - +1 leather armour {rC+}
rPois   inf          l - +1 helmet
rElec   +            (no cloak)
rCorr   .            h - +2 pair of gloves
SInv    +            (no boots)
Will    .....        a - amulet of guardian spirit
Stlth   +            d - ring of see invisible
HPRegen 0.28/turn    f - +5 ring of evasion
MPRegen 0.12/turn

%: clarity, guardian spirit
@: flying
A: sickness immunity, AC +5, negative energy resistance 1, electricity
resistance, torment resistance 1, petrification resistance, big wings, agile 1,
clarity, high MP 1
a: no special abilities


You were on level 6 of the Dungeon.
You visited 1 branch of the dungeon, and saw 6 of its levels.

You collected 219 gold pieces.


Innate Abilities, Weirdness & Mutations

You are immune to sickness and miasma.
Your stone body is resilient. (AC +5)
You are immune to poison.
You resist negative energy. (rN+)
You are resistant to electric shocks. (rElec)
You are resistant to unholy torment.
You are immune to petrification.
Your large and strong wings let you fly.
You are agile. (Dex +4, Str/Int -1)
You possess an exceptional clarity of mind.
You have an increased reservoir of magic. (+10% MP)


   Skills:
 - Level 5.4 Fighting
 + Level 8.7 Ranged Weapons
 - Level 2.1 Armour
 - Level 2.2 Dodging
 - Level 1.0 Spellcasting
 - Level 2.6 Hexes


You had 8 spell levels left.
You knew the following spells:

 Your Spells              Type           Power      Damage    Failure   Level
a - Slow                  Hex            28%        N/A       13%         1

Your spell library contained the following spells:

 Spells                   Type           Power      Damage    Failure   Level
 Inner Flame              Hex/Fire       3%         N/A       54%         3
 Portal Projectile        Hex/Tloc       6%         N/A       54%         3
 Cause Fear               Hex            3%         N/A       77%         4

Inventory:

Hand Weapons
 Y - a +6 sling (weapon)
Armour
 c - a +1 leather armour of cold resistance (worn)
 h - a +2 pair of gloves (worn)
 l - a +1 helmet (worn)
Jewellery
 a - an amulet of guardian spirit (around neck)
 d - a ring of see invisible (left hand)
 f - a +5 ring of evasion (right hand)
 o - an amulet of the acrobat
Potions
 e - 2 potions of curing
 i - a potion of mutation
 j - a potion of resistance {unknown}
 m - a potion of heal wounds {unknown}
 n - a potion of degeneration {unknown}

Dungeon Overview and Level Annotations

Branches:
Dungeon (6/15)             Temple (0/1) D:5

Altars:
Elyvilon
Fedhas
Qazlal

Annotations:
D:6 Sigmund


Message History

You shoot a sling bullet. The sling bullet hits Sigmund.
Sigmund is moderately wounded.
The orc priest calls down the wrath of Beogh upon you.
The orc wizard writhes in agony!
Sigmund closely misses you. The orc wizard barely misses you.
You shoot a sling bullet. The sling bullet hits the orc wizard.
The orc wizard is almost dead.
The orc wizard hits you but does no damage.
The orc priest hits you but does no damage.
The orc hits you but does no damage.
You shoot a sling bullet.
The sling bullet barely misses the orc wizard.
Sigmund closely misses you.
You shoot a sling bullet.
The sling bullet barely misses the orc wizard.
The orc hits you but does no damage. The orc wizard completely misses you.
The orc priest hits you but does no damage.
You shoot a sling bullet.
The sling bullet closely misses the orc wizard.
The orc closely misses you. The orc priest closely misses you.
The orc wizard casts a spell at you. The magic dart hits you!
Sigmund closely misses you.
You shoot a sling bullet. The sling bullet hits the orc wizard.
The orc wizard is almost dead.
The orc barely misses you.
The orc wizard gestures at you while chanting.
The puff of flame hits you!
The orc priest miscasts a cantrip.
Sigmund hits you but does no damage.
You shoot a sling bullet. The sling bullet hits the orc wizard!
You kill the orc wizard!
The orc hits you but does no damage.
The orc priest calls down the wrath of Beogh upon you.
Pain shoots through your body!
You shoot a sling bullet. The sling bullet hits the orc priest.
The orc priest is moderately wounded.
The orc misses you. The orc priest misses you.
Sigmund points at you and mumbles some strange words.
The puff of flame hits you!
You die...

..# .## #..
.##.# .# ...
.... ..#
..#######.>#
#..#.#.#...# #
#.....[....#
#..#.@........#
......).......#
#....@......#
...#..o)o.....#
#.)........#
#.#....#####
...#...## ###
..... .....
#...#.#


You could see Sigmund (invisible), an orc priest and an orc.

Vanquished Creatures
  Grinder (D:5)
  Menkaure (D:5)
  An ogre (D:5)
  2 phantoms (D:5)
  Blork the orc (D:5)
  2 scorpions
  2 water moccasin zombies (D:5)
  A bullfrog zombie (D:5)
  A hound (D:5)
  A bullfrog skeleton (D:5)
  2 iguanas
  Jessica (D:2)
  5 orc wizards
  Ijyb (D:3)
  Terence (D:3)
  A scorpion zombie (D:5)
  A howler monkey zombie (D:5)
  Robin (D:3)
  2 adders
  A shadow imp (D:5)
  An ufetubus (D:5)
  2 worms
  A dart slug (D:2)
  7 orcs
  2 endoplasms (D:3)
  3 giant cockroaches
  15 goblins
  3 hobgoblins
  12 jackals
  8 kobolds
  3 quokkas
  7 ball pythons
  5 bats
  2 frilled lizards (D:3)
  A rat (D:1)
101 creatures vanquished.

Notes
Turn   | Place    | Note
-------+----------+-------------------------------------------
     0 | D:1      | qw the Gargoyle Hexslinger began the quest for the Orb.
     0 | D:1      | Reached XP level 1. HP: 12/12 MP: 2/2
     0 | D:1      | 0 ||| qw: Version: 0.3-a-46-gb1f654a
     0 | D:1      | 0 ||| qw: Game counter: 1424
     0 | D:1      | 0 ||| qw: Melee chars always use a shield: true
     0 | D:1      | 0 ||| qw: God list: Okawaru
     0 | D:1      | 0 ||| qw: Allow faded altars: false
     0 | D:1      | 0 ||| qw: Do Orc after clearing Dungeon:15 true
     0 | D:1      | 0 ||| qw: Do second Lair branch before Depths: true
     0 | D:1      | 0 ||| qw: Lair rune preference: random
     0 | D:1      | 0 ||| qw: Goals: Normal
     0 | D:1      | 0 ||| PLANNING D:1-11
    66 | D:1      | 66 ||| FLEEEEING.
   226 | D:1      | Reached XP level 2. HP: 16/16 MP: 3/3
   424 | D:1      | Reached skill level 3 in Ranged Weapons
   740 | D:1      | 740 ||| UPGRADING to +0 robe of cold resistance.
   750 | D:1      | 750 ||| DROPPING +0 robe.
   751 | D:1      | 751 ||| UPGRADING to ring of see invisible.
   752 | D:1      | 752 ||| READING scroll labelled CAPNUA IWESU.
   753 | D:1      | 753 ||| READING scroll labelled UPSAKK POSITY.
   754 | D:1      | 754 ||| READING scroll labelled TAINWAG XA SID.
   755 | D:1      | 755 ||| DRINKING 2 dark potions.
   756 | D:1      | 756 ||| DRINKING 2 fizzy silvery potions.
   861 | D:1      | 861 ||| DRINKING 2 white potions.
   861 | D:1      | Gained mutation: Your large and strong wings let you fly.
                  | [potion of mutation]
   861 | D:1      | Gained mutation: You possess an exceptional clarity of
                  | mind. [potion of mutation]
   861 | D:1      | Gained mutation: You have an increased reservoir of magic.
                  | (+10% MP) [potion of mutation]
   861 | D:1      | Gained mutation: You are agile. (Dex +4, Str/Int -1)
                  | [potion of mutation]
   862 | D:1      | 862 ||| DROPPING scroll of poison.
   863 | D:1      | 863 ||| DROPPING potion of berserk rage.
   888 | D:2      | 888 ||| STAIRDANCE
   950 | D:2      | Reached XP level 3. HP: 17/21 MP: 4/4
  1086 | D:2      | Noticed Jessica
  1089 | D:2      | Killed Jessica
  1110 | D:2      | Reached XP level 4. HP: 26/26 MP: 6/6
  1645 | D:2      | 1645 ||| UPGRADING to +5 ring of evasion.
  1646 | D:2      | 1646 ||| READING scroll labelled WEGEOJ CUIPS.
  1647 | D:2      | 1647 ||| READING scroll labelled EREOSK EKA NOER.
  1648 | D:2      | 1648 ||| READING 2 scrolls labelled SOTASU ESO ATO.
  1649 | D:2      | 1649 ||| READING scroll labelled ABESHYOHIG.
  1650 | D:2      | 1650 ||| DROPPING scroll of blinking.
  1702 | D:3      | Noticed Terence
  1716 | D:3      | Killed Terence
  1717 | D:3      | Reached skill level 4 in Ranged Weapons
  1755 | D:3      | Found a white marble altar of Elyvilon.
  1756 | D:3      | Found a stormy altar of Qazlal.
  1805 | D:3      | Noticed Ijyb
  1817 | D:3      | Killed Ijyb
  1818 | D:3      | Reached XP level 5. HP: 14/30 MP: 7/7
  1941 | D:3      | Found a blossoming altar of Fedhas.
  1973 | D:3      | Reached skill level 5 in Ranged Weapons
  1974 | D:3      | Noticed Robin
  1993 | D:3      | Killed Robin
  2033 | D:3      | 2033 ||| SWAPPING to +5 sling.
  2034 | D:3      | 2034 ||| DROPPING +2 sling.
  2227 | D:3      | 2227 ||| UPGRADING to +2 pair of gloves.
  2232 | D:3      | 2232 ||| UPGRADING to +0 helmet.
  2237 | D:3      | 2237 ||| READING scroll of enchant armour.
  2237 | D:3      | 2237 ||| ENCHANTING +0 helmet.
  2238 | D:3      | 2238 ||| UPGRADING to amulet of guardian spirit.
  2243 | D:3      | 2243 ||| READING scroll labelled BOAGUS JUUFA.
  2244 | D:3      | 2244 ||| READING scroll labelled CUGUUD JUATY.
  2340 | D:4      | Reached skill level 3 in Fighting
  2347 | D:4      | Reached XP level 6. HP: 37/37 MP: 8/8
  2429 | D:4      | 2429 ||| READING scroll of enchant weapon.
  2429 | D:4      | 2429 ||| ENCHANTING +5 sling.
  2732 | D:4      | 2732 ||| DROPPING +0 leather armour.
  2733 | D:4      | 2733 ||| DRINKING 2 puce potions.
  2734 | D:4      | 2734 ||| DROPPING potion of magic.
  2750 | D:5      | Entered Level 5 of the Dungeon
  2758 | D:5      | Reached skill level 6 in Ranged Weapons
  2767 | D:5      | 2767 ||| STAIRDANCE
  2830 | D:5      | Reached XP level 7. HP: 41/41 MP: 9/9
  3002 | D:5      | Noticed Grinder
  3011 | D:5      | Killed Grinder
  3012 | D:5      | Reached skill level 7 in Ranged Weapons
  3119 | D:5      | Noticed Menkaure
  3123 | D:5      | Killed Menkaure
  3124 | D:5      | Reached XP level 8. HP: 48/48 MP: 10/10
  3140 | D:5      | Reached skill level 8 in Ranged Weapons
  3277 | D:5      | Found a staircase to the Ecumenical Temple.
  3278 | D:5      | 3278 ||| PLANNING TEMPLE
  3387 | D:5      | Noticed Blork the orc
  3395 | D:5      | Killed Blork the orc
  3608 | D:5      | 3608 ||| DROPPING +0 ring mail.
  3609 | D:5      | 3609 ||| UPGRADING to +1 leather armour of cold resistance.
  3619 | D:5      | 3619 ||| DROPPING +0 robe of cold resistance.
  3620 | D:5      | 3620 ||| DRINKING 2 blue potions.
  3621 | D:5      | 3621 ||| DROPPING potion of attraction.
  3660 | D:6      | HP: 12/50 [ogre/+0 giant spiked club (14)]
  3661 | D:6      | 3661 ||| READING scroll of teleportation.
  3663 | D:6      | Noticed Sigmund
  3674 | D:6      | HP: 10/50 [orc wizard/magic dart (6)]
  3675 | D:6      | HP: 4/50 [orc wizard/puff of flame (6)]
  3677 | D:6      | Killed from afar by Sigmund

Levels and vault maps discovered:
D:1:      amcnicky_arrival_double_pillar, layout_basic, minmay_misc_feat_plants
D:2:      layout_loops_corners, item_on_display_a, uniq_jessica
D:3:      layout_rooms, nicolae_overflow_squiral, fedhas_altar_1, uniq_terence,
          uniq_robin, uniq_ijyb
D:4:      layout_rooms, minmay_a_box_with_orc_wizards_in_it
D:5:      layout_basic, minmay_temple_entry_from_below_a, serial_undead,
          serial_undead_b, serial_undead_e, serial_undead_f, serial_undead_d,
          uniq_menkaure, uniq_grinder, uniq_blork_the_orc
D:6:      layout_rooms, mainiacjoe_overflow_tiny_flanked,
          lemuel_mausoleum_altar_kikubaaqudgha, hangedman_decor_peaks_small,
          minmay_manual_macuahuitl, uniq_eustachio, uniq_sigmund

Skill      XL: |  1  2  3  4  5  6  7  8 |
---------------+-------------------------+-----
Ranged Weapons | 3 4 5 6 7 8 |  8.7
Fighting       | 2 3 4 5 |  5.4
Armour         | 2 |  2.1
Dodging        | 2 |  2.2
Spellcasting   | |  1.0
Hexes          | |  2.6

Action                     |  1- 3 |  4- 6 |  7- 9 || total
---------------------------+-------+-------+-------++-------
   Fire: Sling             |    75 |   152 |   132 ||   359
    Use: Scroll            |     3 |     8 |     1 ||    12
         Potion            |     3 |     1 |     1 ||     5
 Armour: Robe              |    11 |    24 |    18 ||    53
         Leather armour    |       |       |     7 ||     7
  Dodge: Dodged            |    13 |    72 |    63 ||   148

Table legend:
 A = Non-vault XP
 B = Vault XP
 C = Vault XP percentage of total XP
 D = Non-vault monster count
 E = Vault monster count
 F = Vault count percentage of total count
                 A         B        C        D         E       F
            +---------+---------+-------+---------+---------+-------
      Total |     687 |    1236 |  64.3 |      72 |      29 |  28.7
            +---------+---------+-------+---------+---------+-------
        D:1 |      29 |       0 |   0.0 |      16 |       0 |   0.0
        D:2 |      21 |      37 |  63.8 |      11 |       1 |   8.3
        D:3 |      28 |     108 |  79.4 |      17 |      14 |  45.2
        D:4 |     117 |     106 |  47.5 |       9 |       3 |  25.0
        D:5 |     475 |     950 |  66.7 |      17 |      10 |  37.0
        D:6 |      17 |      35 |  67.3 |       2 |       1 |  33.3
            +---------+---------+-------+---------+---------+-------
